 Dungeon Crawl Stone Soup version 0.20.1-1-g8b1a95d (webtiles) character file.

116 miragecloak the Chopper (level 5, -2/45 HPs)
             Began as a Hill Orc Abyssal Knight on July 17, 2017.
             Was a Believer of Lugonu.
             Killed from afar by an orc wizard (5 damage)
             ... with a puff of frost
             ... on level 3 of the Dungeon.
             The game lasted 00:02:05 (1993 turns).

miragecloak the Chopper (Hill Orc Abyssal Knight)   Turns: 1993, Time: 00:02:06

Health: -2/45      AC:  9    Str: 15    XL:     5   Next: 1%
Magic:  6/6        EV: 11    Int: 12    God:    Lugonu [**....]
Gold:   99         SH:  0    Dex: 11    Spells: 4/4 levels left

rFire    . . .     SeeInvis .   a - +1 hand axe
rCold    . . .     Gourm    .   (no shield)
rNeg     . . .     Faith    .   b - +0 leather armour
rPois    .         Spirit   .   o - +0 helmet
rElec    .         Reflect  .   p - +0 cloak
rCorr    .         Harm     .   (no gloves)
MR       .....                  (no boots)
Stlth    +.........             (no amulet)
Regen    0.2/turn               (no ring)
MPRegen  0.1/turn               (no ring)

@: no status effects
A: slimy green scales 1, thin metallic scales 1
a: Depart the Abyss, Bend Space, Renounce Religion


You were on level 3 of the Dungeon.
You worshipped Lugonu.
Lugonu was pleased with you.
You were hungry.

You visited 1 branch of the dungeon, and saw 3 of its levels.
You visited the Abyss 1 time.

You collected 99 gold pieces.

Inventory:

Hand Weapons
 a - a +1 hand axe (weapon)
Armour
 b - a +0 leather armour (worn)
 o - a +0 helmet (worn)
 p - a +0 cloak (worn)
Scrolls
 e - 2 scrolls of immolation {unknown}
 h - 2 scrolls of enchant armour {unknown}
 i - a scroll of enchant weapon {unknown}
 m - 3 scrolls of identify {unknown}
 n - a scroll of teleportation {unknown}
 r - a scroll of noise {unknown}
 s - a scroll of amnesia {unknown}
Potions
 d - a potion of degeneration {unknown}
 g - a potion of mutation
 k - 2 potions of curing {unknown}
 l - a potion of lignification {unknown}
Books
 q - a book of Minor Magic

   Spells                             Type                      Level
   a - Magic Dart                     Conjuration                  1
   b - Blink                          Translocation                2
   c - Call Imp                       Summoning                    2
   d - Slow                           Hexes                        2
   e - Conjure Flame                  Conjuration/Fire             3
   f - Mephitic Cloud                 Conjuration/Poison/Air       3
Comestibles
 c - 2 bread rations
 f - 2 royal jellies
 j - a meat ration


   Skills:
 - Level 3.6 Fighting
 + Level 6.6 Axes
 - Level 2.1 Armour
 - Level 0.7 Dodging
 - Level 2.4 Invocations


You had 4 spell levels left.
You didn't know any spells.

Dungeon Overview and Level Annotations

Branches:
Dungeon (3/15)

Altars:


Innate Abilities, Weirdness & Mutations

You are partially covered in slimy green scales. (AC +2)
You are partially covered in thin metallic scales. (AC +2)


Message History

The orc wizard is heavily wounded.
You hear the slow rusting of a very distant drain.
The orc wizard gestures at you while chanting.
The magic dart hits you!
* * * LOW HITPOINT WARNING * * *
You closely miss the orc wizard.
The orc wizard is heavily wounded.
You hit the orc. The orc barely misses you.
You hit the orc wizard.
The orc wizard is almost dead.
You barely miss the orc. You closely miss the orc.
The orc wizard casts a spell at you. The puff of flame misses you.
The orc hits you but does no damage. x2
Unknown command.
It was a potion of mutation.
You feel extremely strange.
Slimy green scales grow over part of your body.
Thin metallic scales grow over part of your body.
The orc wizard casts a spell at you. The puff of frost hits you!
You die...

### #..
#####.#########
...#.##......#
######
#.#o##......#
......
###)o.)[o.....#
......
##...####oo....#
......##.(###
#@o†...#
......#[(##
########
........##
.....).##
.......#
........
.........
...##..... ##.
#......


You could see an orc wizard and 3 orcs.

Vanquished Creatures
  4 adders (D:2)
  2 dart slugs
  A leopard gecko (D:2)
  2 orcs (D:3)
  A ball python (D:2)
  3 bats
  2 giant cockroaches (D:1)
  10 goblins
  11 hobgoblins
  4 jackals (D:1)
  14 kobolds
  A quokka (D:2)
  6 frilled lizards
  6 rats
67 creatures vanquished.

Notes
Turn   | Place    | Note
-------+----------+-------------------------------------------
     0 | Abyss:1  | miragecloak the Hill Orc Abyssal Knight began the quest for the Orb.
     0 | Abyss:1  | Reached XP level 1. HP: 19/19 MP: 2/2
    16 | Abyss:1  | Noticed a small abomination
    16 | D:1      | Escaped the Abyss
    30 | D:1      | Reached * piety under Lugonu
    30 | D:1      | Reached skill level 3 in Axes
    73 | D:1      | Reached XP level 2. HP: 14/26 MP: 3/3
   368 | D:1      | Reached skill level 4 in Axes
   579 | D:1      | Reached XP level 3. HP: 26/31 MP: 4/4
  1070 | D:2      | Reached skill level 5 in Axes
  1074 | D:2      | Reached ** piety under Lugonu
  1297 | D:2      | Reached XP level 4. HP: 20/39 MP: 5/5
  1677 | D:2      | Reached skill level 6 in Axes
  1982 | D:3      | Reached XP level 5. HP: 38/45 MP: 6/6
  1990 | D:3      | HP: 2/45 [orc wizard/magic dart (8)]
  1993 | D:3      | Gained mutation: You are partially covered in slimy green scales. (AC +2) [potion of mutation]
  1993 | D:3      | Gained mutation: You are partially covered in thin metallic scales. (AC +2) [potion of mutation]
  1993 | D:3      | Killed from afar by an orc wizard

Skill      XL: |  1  2  3  4 |
---------------+-------------+-----
Axes           | 3 4 5 6 |  6.6
Fighting       | |  3.6
Armour         | |  2.1
Dodging        | |  0.7
Invocations    | |  2.4

Action                   |  1- 3 |  4- 6 || total
-------------------------+-------+-------++-------
Melee: Hand axe          |   171 |    70 ||   241
Invok: Depart the Abyss  |     1 |       ||     1
  Use: Potion            |       |     1 ||     1
 Stab: Sleeping          |       |     1 ||     1
  Eat: Chunk             |     1 |     2 ||     3
Armor: Leather armour    |    54 |    24 ||    78
Dodge: Dodged            |   116 |    42 ||   158
